 Dungeon Sprint DCSS version 0.31-a0-536-ga3e2962e35 (webtiles) character file.

Game seed: 1054024372999818090

126 Conn the Firebug (level 5, -4/31 HPs)
             Began as an Octopode Fire Elementalist on Aug 13, 2023.
             Slain by a gnoll
             ... wielding a +0 whip
              (9 damage)
             ... in the Dungeon (Sprint IX: "|||||||||||||||||||||||||||||").
             The game lasted 00:03:40 (109 turns).

Conn the Firebug (Octopode Fire Elementalist)        Turns: 109, Time: 00:03:41

Health: -4/31      AC:  1    Str:  7    XL:     5   Next: 10%
Magic:  9/11       EV: 14    Int: 19    God:
Gold:   0          SH:  0    Dex: 13    Spells: 11/12 levels left

rFire   . .          .
                       - Unarmed
rCold   . . .        (no shield)
rNeg    . . .        (helmet restricted)
rPois   .            (no amulet)
rElec   .            (no ring)
rCorr   .            (no ring)
SInv    .            (no ring)
Will    .....        (no ring)
Stlth   ++++         (no ring)
HPRegen 0.25/turn    (no ring)
MPRegen 0.12/turn    (no ring)
                     (no ring)

%: no teleportation
@: on berserk cooldown, hasted and slowed
A: almost no armour, amphibious, 8 rings, camouflage 1, gelatinous body 1,
(nimble swimmer 1), tentacles
a: no special abilities


You were in the Dungeon.
You visited 1 branch

Inventory:

Potions
 a - 3 potions of magic


   Skills:
 + Level 3.9 Dodging
 + Level 4.7 Stealth
 + Level 2.9 Unarmed Combat
 * Level 4.4 Spellcasting
 * Level 1.2 Conjurations
 + Level 7.1 Fire Magic


You had 11 spell levels left.
You knew the following spells:

 Your Spells              Type           Power      Damage    Failure   Level
a - Foxfire               Conj/Fire      80%        2x1d8     2%          1

Your spell library contained the following spells:

 Spells                   Type           Power      Damage    Failure   Level
 Scorch                   Fire           62%        2d7       1%          2
 Inner Flame              Hex/Fire       17%        N/A       9%          3
 Volatile Blastmotes      Fire/Tloc      34%        2d12      9%          3
 Flame Wave               Conj/Fire      20%        2d7       24%         4


Dungeon Overview and Level Annotations

Branches:
Dungeon (1/1)

Altars:


Innate Abilities, Weirdness & Mutations

You cannot wear most types of armour.
You are amphibious.
You can wear up to eight rings at the same time.
Your skin changes colour to match your surroundings (Stealth+).
Your rubbery body absorbs attacks. (AC +1, EV +1)
((You are camouflaged when in or above water. (Stealth+)))
You have tentacles for arms and can constrict up to eight enemies at once.


Message History

Unknown command.
Blink to where?
Press: ? - help, Dir - move target
As you read the scroll of blinking, it crumbles to dust.
Casting: Foxfire (safe; 2% risk of failure)
Confirm with . or Enter, or press ? or * to list all spells.
Okay, then.
Unknown command.
Casting: Foxfire (safe; 2% risk of failure)
Confirm with . or Enter, or press ? or * to list all spells.
You conjure some foxfire!
Your foxfire dissipates!
The foxfire hits the gnoll.
The gnoll is heavily wounded.
You start memorising the spell.
You continue memorising.
The gnoll closely misses you.
You continue memorising.
The gnoll hits you with a +0 whip.
Your memorisation is interrupted.
* * * LOW HITPOINT WARNING * * *
Okay, then.
Unknown command.
Unknown command.
The gnoll hits you with a +0 whip.
Your memorisation is interrupted.
* * * LOW HITPOINT WARNING * * *
Okay, then.
Unknown command.
Unknown command.
Unknown command.
Unknown command.
Unknown command.
Unknown command.
Unknown command.
Unknown command.
Unknown command.
Okay, then.
Unknown command.
Unknown command.
Unknown command.
The gnoll attacks as you move away! The gnoll hits you with a +0 whip!
You die... ▓▓▓▓▓▓▓▓▓▓▓▓▓▓▓▓▓▓ ▓<...).Y.g@')....+ ▓▓▓▓▓▓▓▓▓▓▓▓▓▓▓▓▓▓

You could see an ice beast and a gnoll.

Vanquished Creatures
  A centaur (D)
  A hound (D)
  A white imp (D)
  2 ball pythons (D)
  An endoplasm (D)
  A goblin (D)
  A rat (D)
8 creatures vanquished.

Vanquished Creatures (others)
  A foxfire (D)
1 creature vanquished.

Grand Total: 9 creatures vanquished

Notes
Turn   | Place    | Note
-------+----------+-------------------------------------------
     0 | D        | Conn the Octopode Fire Elementalist began the quest for the
                  | Orb.
     0 | D        | Reached XP level 1. HP: 11/11 MP: 3/3
    71 | D        | Noticed a hound
    71 | D        | Noticed a centaur
    71 | D        | Noticed an ice beast
    74 | D        | Killed a hound
    75 | D        | Reached skill level 1 in Unarmed Combat
    75 | D        | Reached skill level 5 in Fire Magic
    75 | D        | Reached XP level 2. HP: 12/17 MP: 4/6
    75 | D        | Reached XP level 3. HP: 14/21 MP: 5/8
    77 | D        | Killed a centaur
    78 | D        | Reached skill level 7 in Fire Magic
    78 | D        | Reached XP level 4. HP: 15/27 MP: 6/10
    78 | D        | Reached XP level 5. HP: 18/31 MP: 6/11
   109 | D        | Slain by a gnoll

Illustrated notes

Levels and vault maps discovered:
D:        linesprint [early_d, line_temple, items_1, d_10, items_2, lair_1,
          lair_end, items_3, orc_1, orc_end, items_4, d_15, swamp_1, shoals_1,
          snake_1, spider_1, d_20, vaults_1, items_5, swamp_end, shoals_end,
          snake_end, spider_end, vaults_end, d_27, items_6, zot_1, zot_end,
          crypt_end, forest_end, elf_end, slime_end, tomb_end, abyss_end,
          pan_hell_end]

Skill      XL: |  1  2  3 |
---------------+----------+-----
Spellcasting   | 3 4 |  4.4
Stealth        | 3 4 |  4.7
Unarmed Combat | 1 2 |  2.9
Fire Magic     | 5 7 |  7.1
Dodging        | 3 |  3.9
Conjurations   | |  1.2

Action                     |  1- 3 |  4- 6 || total
---------------------------+-------+-------++-------
  Melee: Unarmed           |    21 |     4 ||    25
         Tentacles         |     7 |       ||     7
         Constrict         |     4 |     1 ||     5
         Punch             |     2 |       ||     2
   Cast: Foxfire           |       |     1 ||     1
    Use: Potion            |     1 |     3 ||     4
         Scroll            |       |     1 ||     1
 Armour: Skin              |       |     1 ||     1
  Dodge: Dodged            |    13 |     9 ||    22

Table legend: (Time is in decaauts)
 A = Elapsed time spent in this place.
 B = Non-inter-level travel time spent in this place.
 C = Inter-level travel time spent in this place.
 D = Time resting spent in this place.
 E = Time spent auto-exploring this place.
 F = Levels seen in this place.
 G = Mean time per level.
                   A        B        C        D        E       F      G
               +--------+--------+--------+--------+--------+-----+--------+
         Total |    109 |    109 |      0 |     36 |      0 |   1 |  109.0 |
       Dungeon |    109 |    109 |      0 |     36 |      0 |   1 |  109.0 |
               +--------+--------+--------+--------+--------+-----+--------+

Top non-repeatable levels by time:
       D: 109 daAuts
